Unix NetHack Version 5.0.0-0 post-release - last build May  4 2026 22:22:43 (774f63e81ad911689b3a0859ea89b322d5daca8d,branch:main).

Game began 2026-05-05 13:14:24, ended 2026-05-05 13:17:49.

Eesui, chaotic male human Rogue

                       ---------
                       |.......|       -----------
                       |.....[..#######..........|
                       ........|       |.........|
                       -------.-       |.........|
                              #        --.--------
                              #         ###
                              #          #
                             )#          #
                            ##           ##
                            #             #
                            #             ####        ### ###
                            #           -----.-####################
                       -----|------     |......######---.---.-----.--
                       ...........|     |....>|#     .<......%......|
                       |...........###B#|.....|      |..............|
                       |.....{....|    @+.....       |..............|
                       |..>.......|     |.....|      ----------------
                       ------------     -------

Eesui the Cutpurse      St:12 Dx:18 Co:16 In:10 Wi:10 Ch:9  Chaotic
Dlvl:3  $:45 HP:0(28) Pw:12(12) AC:3  Xp:3/47 T:779 

Latest messages:
 The giant bat misses!
 In what direction?
 You throw 2 daggers.
 The 1st dagger misses the giant bat.
 The 2nd dagger hits the giant bat.
 The giant bat misses!
 The giant bat bites!
 In what direction?
 The dagger hits the giant bat.
 The giant bat bites!
 The giant bat misses!
 In what direction?
 The dagger hits the giant bat.
 The giant bat misses!
 The giant bat bites!
 In what direction?
 You throw 2 daggers.
 The 1st dagger hits the giant bat.
 The 2nd dagger misses the giant bat.
 The giant bat bites!
 The giant bat bites!
 In what direction?
 The dagger hits the giant bat.
 The giant bat bites!
 The giant bat misses!
 What do you want to throw? [$s or ?*]
 In what direction?
 The orcish dagger hits the giant bat.
 The giant bat misses!
 $ - 9 gold pieces (45 in total).
 You hear bubbling water.
 It's solid stone.
 You find a hidden door.
 The door resists!
 The door resists!
 The giant bat misses!
 Pick a monster, object or location.
 +        a spellbook or a closed door (closed door)
 What do you want to throw? [$ or ?*]
 In what direction?
 The vial crashes on the giant bat's head and breaks into shards.
 The potion of sickness evaporates.
 The giant bat bites!
 The giant bat bites!
 The door resists!
 What do you want to write with? [- abl or ?*]
 You write in the dust with your fingertip.
 The giant bat bites!
 You die...
 Do you want your possessions identified? [ynq] (y)

Inventory:
 Coins    ('$')
  $ - 45 gold pieces
 Weapons  (')')
  b - a +0 dagger (wielded in left hand)
  a - a +0 short sword (wielded in right hand)
 Armor    ('[')
  t - an uncursed +0 orcish helm (being worn)
  v - an uncursed +0 banded mail (being worn)
 Comestibles  ('%')
  o - 2 uncursed slime molds
  u - 2 uncursed food rations
  q - 2 uncursed eggs
  n - 2 uncursed lichen corpses
 Scrolls  ('?')
  h - an uncursed scroll of create monster
  p - a blessed scroll of enchant weapon
  k - an uncursed scroll of scare monster
 Potions  ('!')
  r - an uncursed potion of healing
  i - an uncursed potion of levitation
  m - a cursed potion of sickness
 Tools    ('(')
  f - an empty uncursed sack
  e - an uncursed lock pick
 Gems/Stones  ('*')
  l - 2 uncursed worthless pieces of yellowish brown glass

Eesui the Rogue's attributes:

Background:
 You were a Cutpurse, a level 3 male human Rogue.
 You were chaotic, on a mission for Kos
 who was opposed by Issek (lawful) and Mog (neutral).
 You were right-handed.
 You were in the Dungeons of Doom, on level 3.
 You entered the dungeon 779 turns ago.
 You had 47 experience points, 33 more were needed to attain level 4.

Basics:
 You had 0 out of 28 hit points.
 You had all 12 energy points (spell power).
 Your armor class was 3.
 Your wallet contained 45 zorkmids.
 Autopickup was on for '$?!/=+"' plus thrown.

Final Characteristics:
 Your strength was 12 (limit:18/100).
 Your dexterity was 18 (limit:18).
 Your constitution was 16 (limit:18).
 Your intelligence was 10 (limit:18).
 Your wisdom was 10 (limit:18).
 Your charisma was 9 (limit:18).

Final Status:
 You weren't hungry.
 You were unencumbered.
 You were wielding two weapons at once.
 Your skill in short sword was limited by being unskilled with two weapons.
 Your skill in dagger was also limited by being unskilled with two weapons.

Final Attributes:
 You were fervently aligned.
 You were stealthy.
 You were warded.
 You are dead.

Miscellaneous:
 You didn't encounter any bones levels.
 Total elapsed playing time was 3 minutes and 24 seconds.

Major events:
 Turn
    1: Eesui the chaotic male human Rogue entered the dungeon
  723: attained the rank of Cutpurse (level 3)
  779: killed by a giant bat

You didn't know any spells.

Skills:
 Fighting Skills
   bare handed combat [Unskilled]
   two weapon combat  [Unskilled]
   riding             [Unskilled]
 Weapon Skills
   dagger             [Basic]
   knife              [Unskilled]
   short sword        [Basic]
   broadsword         [Unskilled]
   long sword         [Unskilled]
   two-handed sword   [Unskilled]
   saber              [Unskilled]
   club               [Unskilled]
   mace               [Unskilled]
   morning star       [Unskilled]
   flail              [Unskilled]
   hammer             [Unskilled]
   polearms           [Unskilled]
   spear              [Unskilled]
   crossbow           [Unskilled]
   dart               [Unskilled]
   shuriken           [Unskilled]
 Spellcasting Skills
   divination spells  [Unskilled]
   escape spells      [Unskilled]
   matter spells      [Unskilled]

Voluntary challenges:
 Character rerolling was not enabled.
 You followed a strict vegan diet.
 You were an atheist.
 You never genocided any monsters.
 You never polymorphed an object.
 You never changed form.
 You used no wishes.
Achievement:
 You attained the rank of Cutpurse.

 The Dungeons of Doom: levels 1 to 4
    Level 1: "vault"
    Level 2:
       A grave.
    Level 3: <- You were here.
       A fountain.
       Final resting place for
          you, killed by a giant bat.
    Level 4:
 The Tutorial:
    Level 1:


Vanquished creatures:
  a little dog
  a kobold leader
  a jackal
  a fox
  2 kobolds
  a goblin
  a sewer rat
  a grid bug
  4 lichens
  3 newts
16 creatures vanquished.

No species were genocided or became extinct.

Game over:
                       ----------
                      /          \
                     /    REST    \
                    /      IN      \
                   /     PEACE      \
                  /                  \
                  |      Eesui       |
                  |      45 Au       |
                  |   killed by a    |
                  |    giant bat     |
                  |                  |
                  |                  |
                  |       2026       |
                 *|     *  *  *      | *
        _________)/\\_//(\/(/\)/\//\/|_)_______

Goodbye Eesui the Rogue...

You died in The Dungeons of Doom on dungeon level 3 with 379 points,
and 45 pieces of gold, after 779 moves.
You were level 3 with a maximum of 28 hit points when you died.

